 Dungeon Crawl Stone Soup version 0.28.0-47-ge53b351184 (webtiles) character file.

Game seed: 7977423949900741977

169845 Gabide the Black Sun (level 17, -3/137 HPs)
             Began as a Mummy Necromancer on May 7, 2022.
             Was a High Priest of Kikubaaqudgha.
             Slain by a snapping turtle (32 damage)
             ... on level 1 of the Shoals on May 8, 2022.
             The game lasted 03:27:27 (40786 turns).

Gabide the Black Sun (Mummy Necromancer)           Turns: 40786, Time: 03:27:30

Health: -3/137     AC: 16    Str:  8    XL:     17   Next: 36%
Magic:  42/55      EV: 16    Int: 32    God:    Kikubaaqudgha [*****.]
Gold:   1751       SH:  0    Dex: 13    Spells: 3/47 levels left

rFire   + + .      SeeInvis +   K - +9 quarterstaff of Utisy {drain, *Noise rElec Will+ MP+9 Int+7}
rCold   + . .      Faith    .   (shield currently unavailable)
rNeg    + + +      Spirit   .   g - +3 leather armour {Will+}
rPois   ∞          Reflect  .   k - +3 hat of Pondering {ponderous, Will+ MP+10 Int+5}
rElec   +          Harm     .   V - +2 cloak {Stlth+}
rCorr   .          Rampage  .   M - +2 pair of gloves
Will    +++++      Archmagi +   D - +0 pair of boots
Stlth   +++.......              B - amulet of magic regeneration
HPRegen 0.32/turn               y - ring of the Mage {Wiz Archmagi}
MPRegen 0.74/turn               E - ring "Caawnuwem" {rF+++ rN++ Will+ Str-5 SInv}

@: slow
A: cold resistance 1, negative energy resistance 3, torment resistance 2, heat
vulnerability 1, in touch with death 1, no potions
a: Renounce Religion, Receive Corpses, Torment


You were on level 1 of the Shoals.
You worshipped Kikubaaqudgha.
Kikubaaqudgha was extremely pleased with you.
You visited 5 branches of the dungeon, and saw 25 of its levels.

You collected 3566 gold pieces.
You spent 1815 gold pieces at shops.

Inventory:

Hand Weapons
 b - a +6 quarterstaff of draining
 H - a +7 antimagic mace
 K - the +9 quarterstaff of Utisy (weapon) {drain, *Noise rElec Will+ MP+9 Int+7}
   (You found it on level 6 of the Lair of Beasts)

   A truly terrible weapon, it drains the life of any living foe it strikes.
   Int:       It affects your intelligence (+7).
   rElec:     It insulates you from electricity.
   MP:        It affects your magic capacity (+9).
   *Noise:    It may make noises in combat.
   Will:      It increases your willpower.
Armour
 c - an orb of guile
 g - a +3 leather armour of willpower (worn)
 k - the +3 hat of Pondering (worn) {ponderous, Will+ MP+10 Int+5}
   (You found it on level 3 of the Lair of Beasts)

   Int:       It affects your intelligence (+5).
   MP:        It affects your magic capacity (+10).
   Will:      It increases your willpower.
 C - the +1 robe "Zoluc" {Fly Will- Dex-3 Archmagi}
   (You found it on level 12 of the Dungeon)

   Dex:       It affects your dexterity (-3).
   Fly:       It grants you flight.
   Archmagi:  It increases the power of your magical spells.
   Will:      It decreases your willpower.
 D - a +0 pair of boots (worn)
 M - a +2 pair of gloves (worn)
 V - a +2 cloak of stealth (worn)
Magical Staves
 P - a staff of death
Jewellery
 d - the amulet "Etroikaz" {Reflect *Slow rElec Str+5 SH+5 SInv}
   (You found it on level 13 of the Dungeon)

   [amulet of reflection]

   It reflects blocked missile attacks.
   Str:       It affects your strength (+5).
   rElec:     It insulates you from electricity.
   SInv:      It lets you see invisible.
   *Slow:     It may slow you when you take damage.
   SH:        It affects your SH (+5).
 i - a ring of magical power
 m - a ring of ice
 s - a ring of flight
 w - a +4 ring of protection
 y - the ring of the Mage (left hand) {Wiz Archmagi}
   (You acquired it on level 10 of the Dungeon)

   [ring of wizardry]

   It improves your spell success rate.
   Archmagi:  It increases the power of your magical spells.
 B - an amulet of magic regeneration (around neck)
 E - the ring "Caawnuwem" (right hand) {rF+++ rN++ Will+ Str-5 SInv}
   (You bought it in a shop on level 2 of the Orcish Mines)

   [ring of willpower]

   Str:       It affects your strength (-5).
   rF:        It renders you almost immune to fire.
   rN:        It greatly protects you from negative energy.
   SInv:      It lets you see invisible.
   Will:      It increases your willpower.
 J - a ring of magical power
 N - a +6 ring of intelligence
 O - a ring of resist corrosion
 Q - a +6 ring of strength
 T - the ring of Levity {Ice rElec}
   (You took it off a deep elf high priest on level 3 of the Elven Halls)

   [ring of ice]

   It enhances your ice magic.
   rF:        It makes you vulnerable to fire.
   rC:        It protects you from cold.
   rElec:     It insulates you from electricity.
 U - a ring of protection from cold
Wands
 e - a wand of digging (6)
 j - a wand of iceblast (16)
 o - a wand of flame (11)
 q - a wand of paralysis (10)
 r - a wand of polymorph (17)
 I - a wand of charming (3)
 L - a wand of mindburst (10)
Scrolls
 f - 8 scrolls of immolation
 h - 7 scrolls of fear
 l - 3 scrolls of noise
 n - 5 scrolls of vulnerability
 p - 2 scrolls of magic mapping
 t - 4 scrolls of amnesia
 u - 7 scrolls of identify
 z - 2 scrolls of holy word
 F - 8 scrolls of teleportation
Miscellaneous
 v - a piece from Xom's chessboard (15/15)
 x - a condenser vane (inert)
 G - a tin of tremorstones (2/2)
 R - a lightning rod (4/4)
 S - a phantom mirror


   Skills:
 + Level 13.3 Fighting
 + Level 10.9 Staves
 - Level 2.0 Armour
 + Level 11.5 Dodging
 - Level 1.5 Stealth
 + Level 15.9 Spellcasting
 * Level 19.0 Necromancy
 + Level 0.1 Evocations


You had 3 spell levels left.
You knew the following spells:

 Your Spells              Type           Power      Damage    Failure   Level
a - Infestation           Necr           73%        N/A       2%          8
b - Vampiric Draining     Necr           100%       2d13      0%          3
c - Animate Dead          Necr           73%        N/A       0%          4
d - Death Channel         Necr           73%        N/A       1%          6
e - Agony                 Necr           100%       N/A       1%          5
f - Anguish               Hex/Necr       57%        N/A       1%          4
g - Blink                 Tloc           76%        N/A       1%          2
h - Dispel Undead         Necr           100%       3d31      0%          4
i - Borgnjor's Vile Clut  Necr/Erth      57%        N/A       1%          5
j - Swiftness             Air            38%        N/A       2%          3

Your spell library contained the following spells:

 Spells                   Type           Power      Damage    Failure   Level
 Animate Skeleton         Necr           100%       N/A       0%          1
 Pain                     Necr           100%       1d9       0%          1
 Freeze                   Ice            100%       1d11      1%          1
 Magic Dart               Conj           100%       1d8       1%          1
 Slow                     Hex            100%       N/A       1%          1
 Sting                    Tmut/Pois      100%       1d8       1%          1
 Summon Small Mammal      Summ           100%       N/A       1%          1
 Corpse Rot               Necr/Air       100%       N/A       1%          2
 Ensorcelled Hibernation  Hex/Ice        76%        N/A       1%          2
 Passwall                 Tmut/Erth      31%        N/A       1%          2
 Poisonous Vapours        Pois/Air       76%        N/A       1%          2
 Confusing Touch          Hex            38%        N/A       2%          3
 Conjure Flame            Conj/Fire      38%        6-21      2%          3
 Dazzling Flash           Conj/Hex       76%        N/A       2%          3
 Gell's Gravitas          Tloc           38%        N/A       2%          3
 Ignite Poison            Fire/Tmut/Pois 38%        N/A       2%          3
 Inner Flame              Hex/Fire       38%        N/A       2%          3
 Summon Guardian Golem    Hex/Summ       38%        N/A       2%          3
 Teleport Other           Tloc           38%        N/A       2%          3
 Tukima's Dance           Hex            38%        N/A       2%          3
 Simulacrum               Ice/Necr       57%        N/A       2%          6
 Cause Fear               Hex            19%        N/A       10%         4
 Iskenderun's Mystic Bla  Conj/Tloc      38%        2d9       10%         4
 Olgreb's Toxic Radiance  Pois           38%        N/A       10%         4
 Petrify                  Tmut/Erth      38%        N/A       10%         4
 Sticky Flame             Conj/Fire      38%        2d6       10%         4
 Summon Ice Beast         Ice/Summ       38%        N/A       10%         4
 Haunt                    Necr/Summ      57%        N/A       16%         7
 Manifold Assault         Tloc           38%        N/A       26%         5
 Metabolic Englaciation   Hex/Ice        19%        N/A       26%         5
 Silence                  Hex/Air        19%        N/A       26%         5
 Summon Mana Viper        Hex/Summ       38%        N/A       26%         5
 Yara's Violent Unravell  Hex/Tmut       19%        3d9       26%         5
 Dispersal                Tloc           19%        N/A       78%         6
 Starburst                Conj/Fire      19%        6d7       78%         6
 Enfeeble                 Hex            19%        N/A       100%        7
 Monstrous Menagerie      Summ           19%        N/A       100%        7
 Orb of Destruction       Conj           19%        9d8       100%        7
 Ozocubu's Refrigeration  Ice            19%        4d8       100%        7
 Spellforged Servitor     Conj/Summ      19%        N/A       100%        7
 Discord                  Hex            19%        N/A       100%        8
 Ignition                 Fire           19%        3d7       100%        8
 Statue Form              Tmut/Erth      Unusable   N/A       N/A         6
 Storm Form               Tmut/Air       Unusable   N/A       N/A         7

Dungeon Overview and Level Annotations

Branches:
Dungeon (13/15)            Temple (0/1) D:5            Lair (6/6) D:8
 Shoals (1/4) Lair:2       Spider (0/4) Lair:4        Slime (0/5) Lair:6
    Orc (2/2) D:12            Elf (3/3) Orc:2        Vaults (0/5) D:13

Altars:
Fedhas
Hepliaklqana
Kikubaaqudgha
Nemelex Xobeh
Okawaru
Ru
Sif Muna
Uskayaw
Vehumet
Wu Jian
Xom
Yredelemnul
Zin
Jiyva

Shops:
D:1 [(*[   D:6 (   D:8 *   D:9 [   Orc:2 :=[:   Elf:1 (   Elf:3 ?

Annotations:
Shoals:1 1 transporter, CryoSword's ghost, adept DsMo


Innate Abilities, Weirdness & Mutations

You are immune to poison.
Your flesh is cold resistant. (rC+)
You are immune to negative energy. (rN+++)
You are immune to unholy pain and torment.
You are vulnerable to heat. (rF-)
You are in touch with the powers of death.
You do not drink.


Message History

The zombie hands constrict the snapping turtle!
The zombie hands constrict the alligator snapping turtle.
The harpy screeches!
The harpy claws you. The harpy misses you.
Your death scarab bites the alligator snapping turtle but does no damage.
The harpy claws you but does no damage. The harpy closely misses you.
The snapping turtle misses you.
The moth of wrath goads the snapping turtle on!
The snapping turtle goes berserk!
The snapping turtle closely misses you.
The alligator snapping turtle bites you!!
The snapping turtle bites you from afar!
The snapping turtle struggles to escape constriction.
The snapping turtle closely misses you.
You swap places.
Found a transporter.
The zombie hands constrict the snapping turtle!!
The zombie hands constrict the alligator snapping turtle!!
Your death scarab bites the alligator snapping turtle.
Your death scarab draws strength from the alligator snapping turtle's injuries!
Your death scarab bites the snapping turtle but does no damage.
Something closely misses your death scarab. x2
The moth of wrath goads the snapping turtle on!
The snapping turtle goes berserk!
The snapping turtle misses you.
The alligator snapping turtle barely misses you.
The snapping turtle bites you from afar!!
You hear an angry hiss.
The snapping turtle bites you from afar!
* * * LOW HITPOINT WARNING * * *
CryoSword's ghost hits your death scarab.
The snapping turtle struggles to escape constriction.
Your death scarab bites the alligator snapping turtle!
Your death scarab draws strength from the alligator snapping turtle's injuries!
The moth of wrath goads the snapping turtle on!
The snapping turtle goes berserk!
The moth of wrath goads the manticore on!
The manticore goes berserk!
The moth of wrath goads the alligator snapping turtle on!
The alligator snapping turtle goes berserk!
The snapping turtle bites you from afar!!
You die...
Kikubaaqudgha rasps: "You have failed me!
Welcome... oblivion!"

.###.. ≈≈ .. ≈≈......≈≈
≈≈ ##### ≈≈..###.≈≈≈
≈###...## ≈≈......≈≈≈
#...... #≈......≈≈≈
...#.# .#≈......≈≈≈ #
..#t#..#≈≈.....≈≈≈
#.#..t.y##≈≈≈.....≈≈
#.@†#t)#≈≈≈≈....≈..
#...#BtHt#©.......≈..
##..HtW#H#...........
#.#.S.#|##..........
#..##.#H #.......P.. ≈≈
©..#.[.# #....P.....
≈≈##....#..##..........
≈≈?## .....#.........P#
≈≈≈≈#####.##..≈.......#


You could see an alligator snapping turtle (berserk, infested, clutched), a sea
snake, 4 snapping turtles, a manticore (berserk, infested), a moth of wrath, a
harpy (infested), CryoSword's ghost (infested) and a friendly death scarab.

Vanquished Creatures
  A deep elf blademaster (Elf:3)
  4 deep elf sorcerers (Elf:3)
  3 deep elf annihilators
  A deep elf demonologist (Elf:2)
  Nessos (D:13)
  5 deep elf death magi (Elf:3)
  An ettin (Orc:1)
  Josephine (D:13)
  An ice dragon (Lair:6)
  A deep elf high priest (Elf:3)
  3 vault guards (D:13)
  2 boulder beetles
  3 hydras
  A centaur warrior (D:13)
  30 dancing weapons
  2 two-headed ogres
  6 death yaks
  Urug (Lair:2)
  2 orc high priests
  14 deep elf knights
  A death drake (shapeshifter) (Elf:2)
  2 orc knights
  8 deep elf archers
  A lindwurm (Lair:6)
  12 deep elf zephyrmancers
  15 deep elf pyromancers
  An orc sorcerer (Orc:2)
  4 oklob plants
  4 cyclopes
  3 ugly things
  4 elephants
  A merfolk siren (Lair:2)
  An ice statue (Lair:4)
  Maurice (D:12)
  4 black mambas
  15 cane toads
  A cane toad (shapeshifter) (Elf:2)
  Psyche (D:8)
  4 komodo dragons
  4 kobold demonologists
  A freezing wraith (D:11)
  2 tengu conjurers (D:13)
  6 rime drakes
  2 unseen horrors
  An ice devil (Lair:4)
  2 merfolk (Shoals:1)
  10 trolls
  4 polar bears (Lair:4)
  4 blink frogs (Lair:6)
  2 hornets
  5 slime creatures
  A dream sheep (Lair:3)
  3 air elementals
  2 culicivoras (Lair:4)
  A vampire (D:10)
  A shadow (D:10)
  5 wraiths
  7 wyverns
  4 water elementals
  2 fire elementals (Elf:1)
  Eustachio (D:4)
  A human (shapeshifter) (D:13)
  4 basilisks
  11 yaks
  3 steam dragons
  3 wargs
  3 vampire mosquitoes (D:13)
  4 acid dragons
  2 hell hounds (Lair:5)
  11 water moccasins
  32 orc warriors
  An ice beast (Lair:4)
  A black bear (Lair:2)
  A swamp drake (Lair:6)
  A necrophage (D:7)
  2 ogres (Orc:2)
  13 centaurs
  3 wolves
  A phantom (D:5)
  6 bullfrogs
  2 kobold brigands (D:10)
  2 scorpions
  7 earth elementals
  A gnoll sergeant (D:10)
  A water moccasin zombie (D:5)
  3 howler monkeys (D:10)
  A vampire bat (D:5)
  5 centaur zombies
  Crazy Yiuf (D:4)
  13 orc priests
  2 jellies
  A bullfrog skeleton (D:5)
  2 centaur skeletons
  Ijyb (D:4)
  3 iguanas
  18 orc wizards
  9 hell rats
  A killer bee zombie (D:8)
  10 gnolls
  6 adders
  A river rat (D:8)
  3 white imps (Lair:6)
  An ufetubus (D:6)
  3 dart slugs
  3 fire bats (D:5)
  63 orcs
  2 spectral bats (D:5)
  3 bat skeletons (D:5)
  A bat zombie (D:5)
  6 endoplasms
  3 giant cockroaches
  4 goblins
  7 hobgoblins
  2 quokkas
  3 ball pythons
  18 bats
  A bat simulacrum (D:5)
  3 frilled lizards
  6 kobolds
  3 rats
564 creatures vanquished.

Vanquished Creatures (collateral kills)
  4 deep elf blademasters
  2 deep elf master archers (Elf:3)
  5 deep elf sorcerers (Elf:3)
  2 deep elf elementalists (Elf:3)
  A deep elf demonologist (Elf:3)
  5 deep elf annihilators (Elf:3)
  4 deep elf death magi (Elf:3)
  A fire dragon (Lair:6)
  3 deep elf high priests (Elf:3)
  A vault guard (D:13)
  A hydra (Lair:6)
  6 dancing weapons
  2 orc high priests (Elf:3)
  A tengu warrior (D:12)
  8 death yaks (Lair:6)
  4 deep elf knights
  2 deep elf archers (Elf:3)
  A lindwurm (Lair:6)
  4 deep elf zephyrmancers
  10 deep elf pyromancers
  3 orc knights (Elf:3)
  An oklob plant (Lair:1)
  A manticore (Lair:5)
  4 elephants
  2 black mambas
  A rime drake (Lair:5)
  A polar bear (Lair:6)
  A blink frog (Lair:6)
  4 slime creatures (D:12)
  13 dream sheep
  A water elemental (Elf:3)
  A fire elemental (Elf:3)
  5 basilisks
  10 yaks
  2 wyverns (Lair:5)
  4 water moccasins
  8 orc warriors
  A swamp drake (Lair:6)
  An ogre (Orc:2)
  4 wolves
  2 bullfrogs (Lair:2)
  A wyvern zombie (D:7)
  5 orc priests
  2 orc wizards (Orc:2)
  A hell rat (Lair:5)
  A white imp (Lair:4)
  3 orcs
  A rat (D:8)
  2 butterflies (Lair:3)
153 creatures vanquished.

Vanquished Creatures (others)
  An orc warlord (Elf:3)
  A hydra (Lair:3)
  A swamp dragon (Lair:6)
  A deep elf archer (Elf:1)
  3 orc knights
  3 elephants (Lair:5)
  A cane toad (Lair:4)
  A rime drake (Lair:6)
  A vampire (D:11)
  A yak (Lair:2)
  An orc warrior (D:11)
  2 ice beasts (Lair:3)
  A wolf (Lair:3)
  2 orc priests
  An orc wizard (Orc:1)
  A hell rat (Lair:5)
  29 fungi
  108 plants
159 creatures vanquished.

Grand Total: 876 creatures vanquished

Notes
Turn   | Place    | Note
-------+----------+-------------------------------------------
     0 | D:1      | Gabide the Mummy Necromancer began the quest for the Orb.
     0 | D:1      | Reached XP level 1. HP: 13/13 MP: 4/4
    72 | D:1      | Found Ageipn's Armour Boutique.
   223 | D:1      | Reached XP level 2. HP: 20/20 MP: 3/5
   825 | D:1      | Found Hoeroheipn's Antique Weapon Shop.
   916 | D:1      | Found Derodeko's General Store.
   923 | D:1      | Bought a scroll of teleportation for 33 gold pieces
   990 | D:1      | Found Romun's Antique Armour Shop.
  1271 | D:2      | Reached XP level 3. HP: 25/25 MP: 3/7
  1356 | D:2      | Reached skill level 1 in Fighting
  2341 | D:3      | Reached XP level 4. HP: 32/32 MP: 2/9
  2870 | D:3      | Reached skill level 1 in Armour
  2954 | D:3      | Noticed a scorpion
  2960 | D:3      | Killed a scorpion
  2961 | D:3      | Reached skill level 5 in Necromancy
  2961 | D:3      | Reached XP level 5. HP: 38/38 MP: 5/10
  3296 | D:4      | Noticed Ijyb
  3302 | D:4      | Learned a level 3 spell: Vampiric Draining
  3307 | D:4      | Killed Ijyb
  3572 | D:4      | Found a runed translucent door.
  3573 | D:4      | Noticed Crazy Yiuf
  3594 | D:4      | Found an ancient bone altar of Kikubaaqudgha.
  3602 | D:4      | Became a worshipper of Kikubaaqudgha
  3637 | D:4      | Noticed Eustachio
  3663 | D:4      | HP: 1/38 [white imp/puff of frost[Eustachio] (4)]
  3665 | D:4      | Killed Eustachio
  3666 | D:4      | Reached XP level 6. HP: 2/44 MP: 1/12
  3969 | D:4      | Learned a level 4 spell: Animate Dead
  4020 | D:4      | You fall into a shaft and drop 2 floors!
  4060 | D:6      | Found an iron altar of Okawaru.
  4111 | D:5      | Entered Level 5 of the Dungeon
  4199 | D:5      | Reached skill level 6 in Necromancy
  4372 | D:5      | Reached XP level 7. HP: 51/51 MP: 2/13
  4513 | D:4      | Found a sparkling altar of Nemelex Xobeh.
  4675 | D:4      | Found a basalt altar of Yredelemnul.
  4735 | D:4      | Killed Crazy Yiuf
  5401 | D:5      | Found a staircase to the Ecumenical Temple.
  5602 | D:5      | Found an ornate altar of the Wu Jian Council.
  5813 | D:5      | Reached skill level 5 in Spellcasting
  5837 | D:5      | Reached * piety under Kikubaaqudgha
  5837 | D:5      | Received a gift from Kikubaaqudgha
  5898 | D:5      | Learned a level 2 spell: Corpse Rot
  6122 | D:6      | Noticed a yak
  6124 | D:6      | Noticed a yak
  6124 | D:6      | Noticed a yak
  6124 | D:6      | Noticed a yak
  6125 | D:6      | Noticed a yak
  6141 | D:6      | Killed a yak
  6142 | D:6      | Reached skill level 1 in Staves
  6142 | D:6      | Reached skill level 7 in Necromancy
  6142 | D:6      | Reached XP level 8. HP: 59/59 MP: 4/15
  6176 | D:6      | Reached skill level 8 in Necromancy
  6772 | D:6      | Found Rabloter's Antique Weapon Shop.
  7175 | D:7      | Found a shimmering blue altar of Sif Muna.
  7226 | D:7      | Found a sacrificial altar of Ru.
  7563 | D:7      | Reached XP level 9. HP: 66/66 MP: 18/18
  7878 | D:8      | Noticed a death yak
  7878 | D:8      | Noticed a death yak
  8031 | D:7      | Killed a death yak
  8032 | D:7      | Reached skill level 5 in Fighting
  8169 | D:8      | Noticed a death yak
  8602 | D:8      | Noticed an angel
  8603 | D:8      | Found Hinuqoh's Hallowed Reliquary.
  8757 | D:8      | Reached ** piety under Kikubaaqudgha
  8769 | D:8      | Found a radiant altar of Vehumet.
  8855 | D:8      | Reached skill level 9 in Necromancy
  8931 | D:8      | Learned a level 5 spell: Agony
  9161 | D:8      | Noticed Psyche
  9170 | D:8      | Killed Psyche
  9171 | D:8      | Reached skill level 5 in Dodging
  9386 | D:8      | Found a staircase to the Lair.
  9793 | D:9      | Found Gouqoal's Antique Armour Shoppe.
  9805 | D:9      | Bought a smoking leather armour for 147 gold pieces
  9805 | D:9      | Identified the +0 leather armour of Zuanwail {rF+ Int+2
                  | Dex+3 Stlth+} (You bought it in a shop on level 9 of the
                  | Dungeon)
 10494 | D:8      | Killed a death yak
 10495 | D:8      | Reached XP level 10. HP: 42/76 MP: 3/21
 10801 | D:8      | Found a shimmering altar of Xom.
 10903 | D:10     | Entered Level 10 of the Dungeon
 11282 | D:10     | Found a hide-covered altar of Uskayaw.
 11327 | D:10     | Reached skill level 10 in Necromancy
 11420 | D:10     | Noticed a rust devil
 11430 | D:10     | Noticed a soul eater
 11431 | D:10     | Noticed a sun demon
 11549 | D:10     | Noticed an orange demon
 11754 | D:9      | Noticed a sixfirhy
 12012 | D:10     | Noticed a white ugly thing
 12020 | D:10     | Killed a white ugly thing
 12158 | D:10     | Found a hazy altar of Hepliaklqana.
 12190 | D:10     | Learned a level 4 spell: Anguish
 12259 | D:10     | Identified the +10 shortbow of Calculation {vorpal, rN++
                  | Str+9 Dex-5 Stlth-}
 12980 | D:10     | Identified a scroll of acquirement
 12981 | D:10     | Acquired the ring of the Mage {Wiz Archmagi}
 12981 | D:10     | Found the ring of the Mage {Wiz Archmagi}
 13418 | D:11     | Noticed a cyclops
 13427 | D:11     | Killed a cyclops
 13428 | D:11     | Reached XP level 11. HP: 83/83 MP: 13/23
 13686 | D:11     | Reached skill level 11 in Necromancy
 14439 | D:11     | Reached skill level 5 in Staves
 14798 | D:11     | Learned a level 2 spell: Blink
 15229 | D:12     | Noticed a boulder beetle
 15519 | D:12     | Killed a boulder beetle
 15642 | D:12     | Found a staircase to the Orcish Mines.
 15654 | D:12     | Noticed a tengu warrior
 15661 | D:12     | Killed a tengu warrior
 15722 | D:12     | Identified the +1 robe "Zoluc" {Fly Will- Dex-3 Archmagi}
 15878 | D:12     | Found the +18 Lear's hauberk
 15960 | D:12     | Noticed a deep elf pyromancer
 15985 | D:12     | Killed a deep elf pyromancer
 16120 | D:12     | Noticed Maurice
 16130 | D:12     | Killed Maurice
 16549 | D:12     | Reached skill level 12 in Necromancy
 17146 | D:13     | Identified the amulet "Etroikaz" {Reflect *Slow rElec Str+5
                  | SH+5 SInv}
 17479 | D:13     | Noticed Josephine
 17501 | D:13     | Killed Josephine
 17825 | D:13     | Reached skill level 10 in Spellcasting
 18145 | D:13     | Noticed a purple ugly thing
 18155 | D:13     | Killed a purple ugly thing
 18156 | D:13     | Reached XP level 12. HP: 92/92 MP: 16/26
 18408 | D:13     | Reached *** piety under Kikubaaqudgha
 18408 | D:13     | Received a gift from Kikubaaqudgha
 18414 | D:13     | Learned a level 4 spell: Dispel Undead
 18420 | D:13     | Learned a level 5 spell: Borgnjor's Vile Clutch
 18592 | D:13     | Found a gate to the Vaults.
 18592 | D:13     | Noticed a vault guard
 18592 | D:13     | Noticed a vault guard
 18592 | D:13     | Noticed a vault guard
 18592 | D:13     | Noticed a vault guard
 18592 | D:13     | Noticed a centaur warrior
 18592 | D:13     | Noticed a two-headed ogre
 18595 | D:13     | Killed a two-headed ogre
 18595 | D:13     | Killed a centaur warrior
 18597 | D:13     | Killed a vault guard
 18597 | D:13     | Killed a vault guard
 18597 | D:13     | Killed a vault guard
 18598 | D:13     | Reached skill level 13 in Necromancy
 18616 | D:13     | Killed a vault guard
 18842 | D:13     | Noticed Nessos
 18857 | D:13     | Killed Nessos
 19128 | D:13     | Identified the +8 long sword "Muuzi Zux" {drain, rPois rF-
                  | rC+ Str+4}
 19411 | D:7      | Killed a death yak
 19771 | Orc:1    | Entered Level 1 of the Orcish Mines
 19840 | Orc:1    | Noticed an ettin
 19850 | Orc:1    | Killed an ettin
 20518 | Orc:2    | Entered Level 2 of the Orcish Mines
 20526 | Orc:2    | Found a staircase to the Elven Halls.
 20637 | Orc:2    | Gained mutation: You are in touch with the powers of death.
                  | [Mummy growth]
 20637 | Orc:2    | Reached XP level 13. HP: 87/101 MP: 26/28
 20752 | Orc:2    | Reached **** piety under Kikubaaqudgha
 22794 | Orc:2    | Reached skill level 14 in Necromancy
 22832 | Orc:2    | Reached ***** piety under Kikubaaqudgha
 23024 | Orc:2    | Found Vedgh's Armour Boutique.
 23024 | Orc:2    | Found Xaeteg's Jewellery Shoppe.
 23026 | Orc:2    | Found Xesa Qoe's Book Emporium.
 23028 | Orc:2    | Found Riofekoaq's Book Shop.
 23043 | Orc:2    | Bought the ring "Caawnuwem" {rF+++ rN++ Will+ Str-5 SInv}
                  | for 925 gold pieces
 23050 | Orc:2    | Bought a +1 pair of gloves for 172 gold pieces
 23071 | Orc:2    | Bought a book of Burglary for 300 gold pieces
 23079 | Orc:2    | Learned a level 6 spell: Death Channel
 23435 | Lair:1   | Entered Level 1 of the Lair of Beasts
 24338 | Lair:2   | Noticed Urug
 24346 | Lair:2   | Killed Urug
 25168 | Lair:2   | Found a staircase to the Shoals.
 25540 | Lair:3   | Reached skill level 10 in Fighting
 25799 | Lair:3   | Found a blossoming altar of Fedhas.
 26193 | Lair:3   | Found the +3 hat of Pondering {ponderous, Will+ MP+10
                  | Int+5}
 26744 | Lair:3   | Reached skill level 15 in Necromancy
 26744 | Lair:3   | Reached XP level 14. HP: 20/110 MP: 11/30
 27098 | Lair:3   | Learned a level 3 spell: Swiftness
 27379 | Lair:4   | Found a hole to the Spider Nest.
 27803 | Lair:4   | Identified the +6 rapier of Resourcefulness {drain, rCorr}
 28215 | Lair:5   | You fall into a shaft and drop 1 floor!
 28215 | Lair:6   | Entered Level 6 of the Lair of Beasts
 28215 | Lair:6   | Found a staircase to the Slime Pits.
 28215 | Lair:6   | Found a viscous altar of Jiyva.
 29649 | Lair:6   | Reached skill level 16 in Necromancy
 30053 | Lair:6   | Identified the +9 quarterstaff of Utisy {drain, *Noise
                  | rElec Will+ MP+9 Int+7}
 30450 | Lair:5   | Reached ****** piety under Kikubaaqudgha
 30691 | Lair:5   | Reached XP level 15. HP: 119/119 MP: 13/32
 31298 | Lair:1   | HP: 3/119 [oklob plant/splash of acid (14)]
 32560 | Elf:1    | Entered Level 1 of the Elven Halls
 32569 | Orc:2    | Paralysed by an air elemental for 1 turns
 34060 | Elf:1    | Found Gicwad's Weapon Shop.
 34570 | Elf:1    | Reached skill level 10 in Dodging
 35018 | Elf:1    | Reached skill level 17 in Necromancy
 35575 | Elf:2    | Found a runed translucent gate.
 35576 | Elf:2    | Found a runed translucent gate.
 35576 | Elf:2    | Found a runed translucent gate.
 36598 | Elf:2    | Reached XP level 16. HP: 127/127 MP: 34/34
 36619 | Elf:2    | Learned a level 8 spell: Infestation
 36874 | Elf:2    | Noticed a deep elf blademaster
 36884 | Elf:2    | Reached skill level 10 in Staves
 36884 | Elf:2    | Killed a deep elf blademaster
 37528 | Elf:3    | Entered Level 3 of the Elven Halls
 37717 | Elf:3    | Reached skill level 15 in Spellcasting
 37749 | Elf:3    | Reached skill level 18 in Necromancy
 38488 | Elf:3    | Found Wiegg's Magic Scroll Shop.
 38497 | Elf:3    | Bought a scroll of teleportation for 42 gold pieces
 38497 | Elf:3    | Bought a scroll of teleportation for 42 gold pieces
 38497 | Elf:3    | Bought a scroll of fear for 49 gold pieces
 38497 | Elf:3    | Bought a scroll of enchant armour for 105 gold pieces
 39159 | Elf:3    | Identified the ring of Levity {Ice rElec}
 39160 | Elf:3    | Noticed a deep elf blademaster
 39165 | Elf:3    | Noticed a deep elf master archer
 39169 | Elf:3    | Noticed a deep elf blademaster
 39170 | Elf:3    | Noticed a deep elf blademaster
 39171 | Elf:3    | Noticed a deep elf blademaster
 39174 | Elf:3    | Killed a deep elf blademaster
 39175 | Elf:3    | Killed a deep elf master archer
 39177 | Elf:3    | Killed a deep elf blademaster
 39178 | Elf:3    | Killed a deep elf blademaster
 39179 | Elf:3    | Noticed a deep elf master archer
 39183 | Elf:3    | Killed a deep elf blademaster
 39186 | Elf:3    | Reached XP level 17. HP: 74/136 MP: 0/36
 39193 | Elf:3    | Killed a deep elf master archer
 39606 | Elf:3    | Reached skill level 19 in Necromancy
 39987 | Elf:3    | Got the Tome of the Salamander
 40027 | Elf:3    | Got the Papyrus of Combat Magic
 40637 | Shoals:1 | Entered Level 1 of the Shoals
 40772 | Shoals:1 | Found a transporter.
 40776 | Shoals:1 | Noticed CryoSword's ghost (adept DsMo)
 40786 | Shoals:1 | Found a transporter.
 40786 | Shoals:1 | Slain by a snapping turtle

Illustrated notes

Levels and vault maps discovered:
D:1:      roderic_dead_forest, layout_loops_ring, serial_shops, shop,
          nicolae_shop_window_shopping, shop, shop
D:2:      layout_rooms
D:3:      layout_loops_corners
D:4:      layout_cave_pools, mainiacjoe_overflow_24_doors,
          nicolae_overflow_crystal_walls, lemuel_tele_altar,
          minmay_strange_pillars, uniq_ijyb, uniq_eustachio,
          uniq_crazy_yiuf_cottage
D:5:      layout_cave_pools, nicolae_wu_jian_immortal_techniques,
          minmay_temple_entry_hall, goddamned_bats
D:6:      layout_cave_pods, amcnicky_altar_gilded, serial_shops,
          nicolae_lakefront_shop
D:7:      layout_basic, zin_treasury, grunt_temple_overflow_open
D:8:      layout_loops_cross, mainiacjoe_overflow_catwalk, lemuel_doored_altar,
          dpeg_lair_monsters, nicolae_good_shop, uniq_psyche
D:9:      layout_loops_ring, serial_shops,
          nicolae_shop_temple_entry_statues_fountains,
          chequers_serial_rivers_marsh, nicolae_concentric_dashed_squares_wild
D:10:     layout_rooms, old_standard_altar, mainiacjoe_overflow_alcove_4,
          st_stairs_9
D:11:     layout_grid_maze, minmay_starry_boxes
D:12:     layout_layer_cave, orc_0_dummy, hellmonk_guarded_unrand_lears,
          uniq_maurice
D:13:     layout_loops_ring, lightli_vaults_fourway_checkpoint, uniq_nessos,
          uniq_josephine
Lair:1:   dpeg_oklob_gauntlet, layout_misc_corridors
Lair:2:   layout_loops_ring, minmay_shoals_entry_lonely_mermaid, uniq_urug
Lair:3:   layout_regular_city, tgw_fedhas, lemuel_fruit_fields
Lair:4:   layout_hall_layers, hellmonk_spider_entry_life_and_decay, ice2_lemuel
Lair:5:   layout_roguey, special_room [special_room_mythical_zoo],
          lemuel_fruit_fields, serial_bayou_shore_a, grunt_megastairs_5
Lair:6:   guppyfry_lair_end_dragon, layout_gridlike, slime_altar_1,
          serial_forest, infiniplex_forest_split, infiniplex_forest_lined_1,
          infiniplex_forest_zigzag_2, infiniplex_forest_clump_medium,
          infiniplex_forest_lined_room_, chequers_serial_rivers_micro_b,
          bobbens_ice_dragon_lair
Shoals:1: layout_shoals, gammafunk_ghost_berserking_beasts,
          nicolae_shoals_sun_and_surf, uniq_frances
Orc:1:    layout_caves, mines_bat_river
Orc:2:    st_orc_rangers, layout_diamond_mine, guppyfry_library_mini
Elf:1:    layout_rooms, serial_shops, shop_statue, evilmike_minifort
Elf:2:    nicolae_elf_blades_crystal_corner, layout_geoelf_octagon
Elf:3:    minmay_elf_hall_circle, layout_loops_corners, serial_shops,
          nicolae_shop_behind_doors, special_room [special_room_orc],
          serial_glass, glass_columns_a, glass_columns_a, glass_columns_c,
          glass_columns_a, glass_columns_b, glass_columns_b

Skill      XL: |  1  2  3  4  5  6  7  8  9 10 11 12 13 14 15 16 17 |
---------------+----------------------------------------------------+-----
Spellcasting   | 3 4 5 6 7 8 10 11 12 13 14 15 | 15.9
Fighting       | 1 2 3 4 5 6 8 9 10 11 12 13 | 13.3
Dodging        | 2 3 4 5 6 7 8 9 10 11 | 11.5
Armour         | 1 2 |  2.0
Necromancy     | 5 6 7 8 9 10 12 13 15 16 17 18 19 | 19.0
Staves         | 1 2 3 4 5 6 7 8 9 10 | 10.9
Stealth        | |  1.5
Evocations     | |  0.1

Action                   |  1- 3 |  4- 6 |  7- 9 | 10-12 | 13-15 | 16-18 || total
-------------------------+-------+-------+-------+-------+-------+-------++-------
Melee: Unarmed           |     6 |       |       |       |       |       ||     6
       Punch             |     2 |       |       |       |       |       ||     2
       Dagger            |    19 |     4 |       |       |       |       ||    23
       Quarterstaff      |       |    23 |   146 |   218 |   168 |    12 ||   567
Throw: Throwing net      |       |       |       |     2 |       |       ||     2
 Cast: Pain              |    78 |    38 |    92 |    31 |    40 |       ||   279
       Vampiric Draining |       |    11 |    53 |   127 |   217 |       ||   408
       Animate Dead      |       |       |    10 |    16 |    68 |    11 ||   105
       Agony             |       |       |     6 |    52 |    12 |       ||    70
       Anguish           |       |       |       |    11 |    48 |     7 ||    66
       Blink             |       |       |       |     2 |       |       ||     2
       Borgnjor's Vile C |       |       |       |    11 |   192 |    85 ||   288
       Dispel Undead     |       |       |       |     1 |       |       ||     1
       Death Channel     |       |       |       |       |    22 |     2 ||    24
       Infestation       |       |       |       |       |       |    56 ||    56
Invok: Receive Corpses   |       |       |     1 |     6 |     8 |    15 ||    30
       Torment           |       |       |       |       |     1 |     1 ||     2
Evoke: Wand              |       |     5 |     4 |    22 |     4 |     4 ||    39
       Condenser vane    |       |       |       |     2 |       |     2 ||     4
       Piece from Xom's  |       |       |       |       |       |     1 ||     1
  Use: Scroll            |     3 |       |    12 |    19 |    11 |     4 ||    49
 Stab: Paralysed         |       |     1 |       |     8 |       |       ||     9
       Sleeping          |       |       |     1 |       |       |       ||     1
       Distracted        |       |       |       |       |     1 |       ||     1
Armor: Robe              |     4 |       |       |       |       |       ||     4
       Leather armour    |       |    40 |   115 |   190 |   227 |    16 ||   588
Dodge: Dodged            |    17 |    61 |   204 |   281 |   466 |    40 ||  1069
